 Dungeon Crawl Stone Soup version 0.23-a0-8-gb809bb7 (webtiles) character file.

219 Amnesiac the Magician (level 5, 0/35 HPs)
             Began as a Mummy Wizard on Aug 1, 2018.
             Slain by a hobgoblin (1 damage)
             ... while paralysed by Grinder
             ... on level 3 of the Dungeon.
             The game lasted 00:06:23 (3358 turns).

Amnesiac the Magician (Mummy Wizard)                Turns: 3358, Time: 00:06:23

Health: 0/35       AC:  3    Str: 10    XL:     5   Next: 64%
Magic:  2/11       EV:  2    Int: 18    God:
Gold:   91         SH:  0    Dex: 11    Spells: 1/12 levels left

rFire    x . .     SeeInvis .   o - +2 trident (vamp)
rCold    + . .     Gourm    .   e - +0 buckler
rNeg     + + +     Faith    .   a - +0 robe
rPois    ∞         Spirit   .   (no helmet)
rElec    .         Reflect  .   (no cloak)
rCorr    .         Harm     .   j - +0 pair of gloves
MR       .....                  (no boots)
Stlth    ++........             (no amulet)
HPRegen  0.11/turn              (no ring)
MPRegen  0.12/turn              (no ring)

@: paralysed
A: no food or potions, fire vulnerability, cold resistance 1, negative energy
resistance 3, torment resistance, unbreathing
a: no special abilities


You were on level 3 of the Dungeon.
You were not hungry.

You visited 1 branch of the dungeon, and saw 3 of its levels.

You collected 91 gold pieces.

Inventory:

Hand Weapons
 n - a +0 long sword
 o - a +2 vampiric trident (weapon)
Missiles
 l - 127 stones (quivered)
 m - 20 sling bullets
Armour
 a - a +0 robe (worn)
 e - a +0 buckler (worn)
 j - a +0 pair of gloves (worn)
Scrolls
 b - 3 scrolls of identify {!r, unknown}
 c - 2 scrolls of immolation {!r, unknown}
 d - a scroll of random uselessness {!r, unknown}
 f - a scroll of remove curse {!r, unknown}
 g - 2 scrolls of fear {!r, unknown}
 h - a scroll of amnesia {!r, unknown}
 i - 5 scrolls of teleportation {!r, unknown}
 k - a scroll of enchant weapon {!r, unknown}


   Skills:
 - Level 1.5 Dodging
 - Level 1.5 Stealth
 + Level 2.1 Shields
 - Level 4.0 Spellcasting
 - Level 4.0 Conjurations
 - Level 0.7 Summonings
 - Level 0.7 Translocations


You had one spell level left.
You knew the following spells:

 Your Spells              Type           Power        Failure   Level  Hunger
a - Magic Dart            Conj           ###.         3%          1    N/A
b - Call Imp              Summ           #.......     22%         2    N/A
e - Mephitic Cloud        Conj/Pois/Air  #.......     32%         3    N/A
s - Conjure Flame         Conj/Fire      ##......     24%         3    N/A
v - Blink                 Tloc           N/A          22%         2    N/A

Your spell library contained the following spells:

 Spells                   Type           Power        Failure   Level  Hunger
 Slow                     Hex            #.......     28%         2    N/A

Dungeon Overview and Level Annotations

Branches:
Dungeon (3/15)

Altars:

Annotations:
D:3 Grinder


Innate Abilities, Weirdness & Mutations

You do not eat or drink.
Your flesh is vulnerable to fire.
You are immune to poison.
Your flesh is cold resistant. (rC+)
You are immune to negative energy. (rN+++)
You are immune to unholy pain and torment.
You can survive without breathing.


Message History

Grinder is heavily wounded.
The kobold throws a stone.
The stone misses you. Grinder hits you!
* * * LOW HITPOINT WARNING * * *
Casting: Magic Dart (safe; 3% risk of failure)
Confirm with . or Enter, or press ? or * to list all spells.
Aiming: Magic Dart (safe; 3% risk of failure)
Press: ? - help, Shift-Dir - straight line, f/p - Grinder
Aim: Grinder, carrying a wand of polymorph (18) (heavily wounded)
The magic dart hits Grinder.
Grinder is heavily wounded.
The kobold throws a stone.
The stone barely misses you.
Grinder zaps a wand.
Your white imp freezes Grinder.
Grinder resists.
Casting: Magic Dart (safe; 3% risk of failure)
Confirm with . or Enter, or press ? or * to list all spells.
Aiming: Magic Dart (safe; 3% risk of failure)
Press: ? - help, Shift-Dir - straight line, f/p - Grinder
Aim: Grinder, carrying a wand of polymorph (17) (heavily wounded)
The magic dart hits Grinder.
Grinder is severely wounded.
Grinder zaps a wand.
You resist with some effort.
Unknown command.
Casting: Magic Dart (safe; 3% risk of failure)
Confirm with . or Enter, or press ? or * to list all spells.
Aiming: Magic Dart (safe; 3% risk of failure)
Press: ? - help, Shift-Dir - straight line, f/p - Grinder
Aim: Grinder, carrying a wand of polymorph (16) (severely wounded)
The magic dart hits Grinder.
Grinder is severely wounded.
The kobold hits you.
* * * LOW HITPOINT WARNING * * *
Grinder closely misses you.
Your white imp freezes Grinder.
Grinder completely resists.
Unknown command.
Casting: Magic Dart (safe; 3% risk of failure)
Confirm with . or Enter, or press ? or * to list all spells.
Aiming: Magic Dart (safe; 3% risk of failure)
Press: ? - help, Shift-Dir - straight line, f/p - Grinder
Aim: Grinder, carrying a wand of polymorph (16) (severely wounded)
The magic dart hits Grinder.
Grinder is severely wounded.
You block the kobold's attack. Grinder hits you.
* * * LOW HITPOINT WARNING * * *
The hobgoblin hits you but does no damage.
Your white imp gestures at Grinder.
The puff of frost hits Grinder.
Grinder resists.
Unknown command.
Casting: Magic Dart (safe; 3% risk of failure)
Confirm with . or Enter, or press ? or * to list all spells.
Aiming: Magic Dart (safe; 3% risk of failure)
Press: ? - help, Shift-Dir - straight line, f/p - Grinder
Aim: Grinder, carrying a wand of polymorph (16) (almost dead)
The magic dart hits Grinder.
Grinder is almost dead.
The kobold hits you.
* * * LOW HITPOINT WARNING * * *
Grinder gestures at you.
You suddenly lose the ability to move!
The hobgoblin hits you but does no damage.
The kobold hits you.
* * * LOW HITPOINT WARNING * * *
Grinder hits you.
* * * LOW HITPOINT WARNING * * *
The hobgoblin hits you.
You die...

###### .....##
....... ##
###...#### .. ...
##.###......#.#.#
#..
#..........55g.#####
#.. #..#
#......@K......? #.#
#..#
###...#....#####
##.## #..#
#(..##.#.# #...##
#..# ##.#####.#
#.....
#.###..######.# .#
#...##
#.............# #
#.###
#####...####### #.#
#.#.# ####.####
#.#.# #>......#


You could see Grinder, a hobgoblin, a kobold and a friendly white imp.

Vanquished Creatures
  An orc priest (D:3)
  An orc wizard (D:3)
  3 adders
  4 gnolls (D:2)
  3 worms
  5 dart slugs
  3 leopard geckos
  6 orcs
  A giant cockroach (D:2)
  4 goblins
  10 hobgoblins
  A ball python (D:3)
  15 bats
  2 frilled lizards
  9 kobolds
  5 rats
73 creatures vanquished.

Notes
Turn   | Place    | Note
-------+----------+-------------------------------------------
     0 | D:1      | Amnesiac the Mummy Wizard began the quest for the Orb.
     0 | D:1      | Reached XP level 1. HP: 13/13 MP: 5/5
    95 | D:1      | Reached skill level 1 in Conjurations
   195 | D:1      | Reached XP level 2. HP: 11/19 MP: 0/7
   267 | D:1      | Learned a level 2 spell: Blink
   270 | D:1      | Learned a level 2 spell: Call Imp
   964 | D:1      | Reached XP level 3. HP: 23/24 MP: 1/8
   973 | D:1      | Learned a level 3 spell: Conjure Flame
  1389 | D:2      | Reached skill level 1 in Shields
  1610 | D:2      | Reached XP level 4. HP: 21/30 MP: 0/10
  1652 | D:2      | Learned a level 3 spell: Mephitic Cloud
  2612 | D:3      | Reached XP level 5. HP: 25/35 MP: 3/11
  3337 | D:3      | Noticed Grinder
  3344 | D:3      | Paralysed by Grinder for 7 turns
  3357 | D:3      | Paralysed by Grinder for 2 turns
  3358 | D:3      | HP: 1/35 [Grinder (4)]
  3358 | D:3      | Slain by a hobgoblin

Vault maps used:
D:1:      elethiomel_arrival_maze, minmay_heptomino_o4
D:2:      first_ration, corexii_shack
D:3:      uniq_grinder

Skill      XL: |  1  2  3  4  5 |
---------------+----------------+-----
Conjurations   | 1 2 3 4 |  4.0
Shields        | 1 2 |  2.1
Dodging        | |  1.5
Stealth        | |  1.5
Spellcasting   | |  4.0
Summonings     | |  0.7
Translocations | |  0.7

Action                   |  1- 3 |  4- 6 || total
-------------------------+-------+-------++-------
Melee: Unarmed           |     7 |       ||     7
       Dagger            |    11 |    39 ||    50
       Trident           |       |    14 ||    14
       Long sword        |       |    12 ||    12
 Cast: Magic Dart        |    91 |   103 ||   194
       Mephitic Cloud    |       |     6 ||     6
       Call Imp          |       |     1 ||     1
 Stab: Confused          |       |     7 ||     7
Armor: Robe              |    18 |    19 ||    37
Dodge: Dodged            |    46 |    60 ||   106
Block: Buckler           |       |     2 ||     2
       Rpst.: Long sword |       |     6 ||     6

Table legend:
 A = Spawn XP
 B = Non-spawn XP
 C = Spawn XP percentage of total XP
 D = Spawn monster count
 E = Non-spawn monster count
 F = Spawn count percentage of total count
 G = Total turns spent on level
                    A         B        C        D         E        F      G
               +---------+---------+-------+---------+---------+-------+---------
         Total |       0 |     314 |   0.0 |       0 |      73 |   0.0 |  3358
               +---------+---------+-------+---------+---------+-------+---------
           D:1 |       0 |      51 |   0.0 |       0 |      28 |   0.0 |  1388
           D:2 |       0 |     107 |   0.0 |       0 |      20 |   0.0 |  1282
           D:3 |       0 |     156 |   0.0 |       0 |      25 |   0.0 |   688
               +---------+---------+-------+---------+---------+-------+---------
